 Dungeon Crawl Stone Soup version 0.24-a0-106-gcea5463 (webtiles) character file.

Game seed: 16183329988368260390

29 galech the Skirmisher (level 3, 26/29 HPs)
             Began as a Demonspawn Fighter on Feb 13, 2019.
             Quit the game on level 2 of the Dungeon.
             The game lasted 00:00:57 (618 turns).

galech the Skirmisher (Demonspawn Fighter)           Turns: 618, Time: 00:00:58

Health: 26/29      AC: 13    Str: 16    XL:     3   Next: 1%
Magic:  3/3        EV:  2    Int:  9    God:
Gold:   54         SH:  9    Dex: 13    Spells: 2/2 levels left

rFire    . . .     SeeInvis .   a - +0 war axe
rCold    . . .     Gourm    .   c - +0 shield
rNeg     . . .     Faith    .   l - +0 plate armour
rPois    +         Spirit   .   (helmet restricted)
rElec    .         Reflect  .   (no cloak)
rCorr    .         Harm     .   m - +1 pair of gloves
MR       .....                  (no boots)
Stlth    ..........             (no amulet)
HPRegen  0.09/turn              j - ring of poison resistance
MPRegen  0.08/turn              (no ring)

@: no status effects
A: horns 1, nightstalker 1
a: no special abilities


You were on level 2 of the Dungeon.
You were not hungry.

You visited 1 branch of the dungeon, and saw 2 of its levels.

You collected 54 gold pieces.

Inventory:

Hand Weapons
 a - a +0 war axe (weapon)
Armour
 c - a +0 shield (worn)
 l - a +0 plate armour (worn)
 m - a +1 pair of gloves (worn)
Jewellery
 j - a ring of poison resistance (left hand)
Scrolls
 h - a scroll of fear {unknown}
Potions
 b - a potion of lignification {unknown}
 d - a potion of might
 e - a potion of experience {unknown}
 i - a potion of haste {unknown}
 k - a potion of curing {unknown}
Comestibles
 f - 2 rations
 g - 4 chunks of flesh


   Skills:
 + Level 3.3 Fighting
 + Level 2.1 Axes
 + Level 2.9 Armour
 + Level 3.0 Shields


You had 2 spell levels left.
You didn't know any spells.
Your spell library was empty.

Dungeon Overview and Level Annotations

Branches:
Dungeon (2/15)

Altars:


Innate Abilities, Weirdness & Mutations

You have a pair of small horns on your head.
You are slightly more attuned to the shadows.


Message History

You closely miss the hobgoblin. You headbutt the hobgoblin.
The hobgoblin is heavily wounded.
The hobgoblin hits you but does no damage.
The hobgoblin hits you with a +0 club.
Your shield and plate armour prevent you from hitting the hobgoblin.
You headbutt the hobgoblin.
You kill the hobgoblin!
You have reached level 3!
Your experience leads to an increase in your attributes!
Increase (S)trength, (I)ntelligence, or (D)exterity?
You feel agile.
Your demonic ancestry asserts itself...
You slip into the darkness of the dungeon.
Things that are here:
a +0 club; a hobgoblin corpse You butcher the hobgoblin corpse.
g - 4 chunks of flesh
Things that are here:
a +0 club; a hobgoblin skeleton
Found a stone staircase leading down.
Are you sure you want to abandon this character and quit the game? (Confirm with "yes".)

########
#...##.##
#.....<.#
#...##.##
##.###.#
#.# #.#
#)# #.#
#@# #..
#.# ###
#.# #.#
#.# #.#
#>#


There were no monsters in sight!

Vanquished Creatures
  A dart slug (D:1)
  A leopard gecko (D:1)
  A goblin (D:1)
  5 hobgoblins
  6 jackals (D:1)
  5 bats (D:1)
  3 frilled lizards (D:1)
  2 rats (D:1)
24 creatures vanquished.

Notes
Turn   | Place    | Note
-------+----------+-------------------------------------------
     0 | D:1      | galech the Demonspawn Fighter began the quest for the Orb.
     0 | D:1      | Reached XP level 1. HP: 18/18 MP: 1/1
   122 | D:1      | Gained mutation: You have a pair of small horns on your
                  | head. [demonic ancestry]
   122 | D:1      | Reached XP level 2. HP: 17/24 MP: 2/2
   613 | D:2      | Gained mutation: You are slightly more attuned to the
                  | shadows. [demonic ancestry]
   613 | D:2      | Reached XP level 3. HP: 26/29 MP: 3/3
   618 | D:2      | Quit the game

Levels and vault maps discovered:
D:1:      scummos_arrival_checkerplants, layout_loops_ring
D:2:      layout_loops_ring, glass_columns_a

Skill      XL: |  1  2 |
---------------+-------+-----
Axes           | 2 |  2.1
Shields        | 3 |  3.0
Fighting       | |  3.3
Armour         | |  2.9

Action                   || total
-------------------------++-------
Melee: War axe           ||    54
       Headbutt          ||    10
Armor: Scale mail        ||    31
       Plate armour      ||     3
Dodge: Dodged            ||     8
Block: Shield            ||    29

Table legend:
 A = Non-vault XP
 B = Vault XP
 C = Vault XP percentage of total XP
 D = Non-vault monster count
 E = Vault monster count
 F = Vault count percentage of total count
                 A         B        C        D         E       F
            +---------+---------+-------+---------+---------+-------
      Total |      42 |       0 |   0.0 |      24 |       0 |   0.0
            +---------+---------+-------+---------+---------+-------
        D:1 |      40 |       0 |   0.0 |      23 |       0 |   0.0
        D:2 |       2 |       0 |   0.0 |       1 |       0 |   0.0
            +---------+---------+-------+---------+---------+-------
